 Dungeon Crawl Stone Soup version 0.17-a0-1515-gfae3d72 (webtiles) character file.

53 namelastname112 the Skirmisher (level 3, -1/31 HPs)
             Began as a Draconian Skald on July 12, 2015.
             Killed from afar by Natasha (13 damage)
             ... with a wand of flame
             ... on level 2 of the Dungeon.
             The game lasted 00:02:28 (2011 turns).

namelastname112 the Skirmisher (Draconian Skald)    Turns: 2011, Time: 00:02:28

Health: -1/31      AC:  5    Str: 14    XL:     3   Next: 62%
Magic:  6/6        EV: 11    Int: 12    God:
Gold:   96         SH:  5    Dex: 11    Spells: 1 memorised, 5 levels left

rFire  . . .     SeeInvis .     h - +4 dagger
rCold  . . .     Clarity  .     (armour unavailable)
rNeg   . . .     SustAt   .     n - +2 buckler
rPois  +         Gourm    .     (helmet restricted)
rElec  .         Spirit   .     (no cloak)
rCorr  .         Warding  .     (no gloves)
rMut   .         Stasis   .     (no boots)
MR     .....                    (no amulet)
Stlth  +++.......               e - ring of poison resistance
                                g - ring of stealth

@: not resistant to hostile enchantments, fairly stealthy
A: unfitting armour, cold-blooded, AC +5
a: no special abilities


You were on level 2 of the Dungeon.
You were near starving.

You visited 1 branch of the dungeon, and saw 2 of its levels.

You collected 96 gold pieces.

Inventory:

Hand weapons
 h - a +4 dagger (weapon)
Missiles
 l - 6 poisoned needles
Armour
 n - a +2 buckler (worn)
Jewellery
 e - a ring of poison resistance (right hand)
 g - a ring of stealth (left hand)
Scrolls
 a - a scroll of amnesia {unknown}
 d - a scroll of recharging {unknown}
 f - 7 scrolls of remove curse {unknown}
 m - 2 scrolls of identify {unknown}
Potions
 k - 4 potions of curing {unknown}
 o - a potion of brilliance {unknown}
 p - a potion of agility {unknown}
 q - a potion of beneficial mutation {unknown}
Books
 b - a book of Battle

   Spells                             Type                      Level
   a - Infusion                       Charms                       1
   b - Shroud of Golubria             Charms/Translocation         2
   c - Song of Slaying                Charms                       2
   d - Spectral Weapon                Hexes/Charms                 3
   e - Regeneration                   Charms/Necromancy            3
 r - a Necronomicon

   Spells                             Type                      Level
   a - Haunt                          Necromancy/Summoning         7
   b - Borgnjor's Revivification      Necromancy                   8
   c - Death's Door                   Charms/Necromancy            8
   d - Necromutation                  Transmutation/Necromancy     8
Comestibles
 c - a bread ration
 i - 3 slices of pizza
 j - a meat ration


   Skills:
 + Level 3.1 Fighting
 + Level 2.4 Short Blades
 + Level 2.0 Dodging
 + Level 1.5 Stealth
 - Level 2.0 Spellcasting
 - Level 2.6 Charms


You had 5 spell levels left.
You knew the following spells:

 Your Spells              Type           Power        Failure   Level  Hunger
a - Infusion              Chrm           #.....       17%         1    ##.....


Dungeon Overview and Level Annotations

Branches:
Dungeon (2/15)

Altars:

Annotations:
D:2 Natasha


Innate Abilities, Weirdness & Mutations

Your plain brown scales are hard (AC +5).
Your body does not fit into most forms of armour.
You are cold-blooded and may be slowed by cold attacks.


Message History

r - a Necronomicon You found a teleport trap!
Key pressed, stopping explore.
Key pressed, stopping explore.
Key pressed, stopping explore.
k - 4 bubbling white potions (gained 1) Key pressed, stopping explore.
Key pressed, stopping explore.
Key pressed, stopping explore.
You are near starving!
Natasha, Servant of Life and Death comes into view.
Natasha is nearby!
Natasha is nearby!
Natasha is nearby!
Natasha hisses angrily.
Natasha zaps a wand.
The puff of flame hits you!
It is a wand of flame.
Natasha zaps a wand.
The puff of flame hits you!
Natasha zaps a wand.
The puff of flame hits you!
Natasha zaps a wand.
The puff of flame hits you!
You die...

.........# #
.........#.#
.........#.#
...........#
.........#.#
.........#.# #####
.........#.#.....#
....##..##.#.###h#
...###.........#@#
...##......#.#.#.#
...##..#.#.#.#.#.#
...##..#.#.#.#.#.#
...##..#.#.#.#.#.#
.......#....)..#.#
......##....####.#
#..#####.........#
...# #...(>.######


You could see Natasha.

Vanquished Creatures
  A giant gecko (D:1)
  3 ball pythons (D:1)
  3 bats (D:1)
  2 giant cockroaches (D:1)
  6 goblins (D:1)
  13 hobgoblins (D:1)
  5 jackals (D:1)
  4 kobolds
  2 quokkas (D:2)
  4 rats
43 creatures vanquished.

Notes
Turn   | Place    | Note
--------------------------------------------------------------
     0 | D:1      | namelastname112 the Draconian Skald began the quest for the Orb.
     0 | D:1      | Reached XP level 1. HP: 17/17 MP: 3/3
   342 | D:1      | Reached XP level 2. HP: 15/25 MP: 5/5
   697 | D:1      | Reached skill level 1 in Stealth
  1094 | D:1      | Reached XP level 3. HP: 30/30 MP: 6/6
  1627 | D:2      | Reached skill level 3 in Fighting
  2006 | D:2      | Noticed Natasha
  2011 | D:2      | Killed from afar by Natasha

Vault maps used:
D:1:      dpeg_cavernosity
D:2:      hangedman_decor_push, uniq_natasha

Action                   || total
-------------------------++-------
Melee: Short sword       ||    51
       Dagger            ||   117
 Stab: Sleeping          ||     7
  Eat: Chunk             ||     2
